 Dungeon Crawl Stone Soup version 0.28.0-55-gcd9437bce4 (webtiles) character file.

Game seed: 14014943384340615955

19700 cbfl8 the Severer (level 12, -8/112 HPs)
             Began as a Minotaur Berserker on Jan 5, 2023.
             Was an Elder of Trog.
             Mangled by a spriggan defender simulacrum (34 damage)
             ... in an ice cave.
             The game lasted 00:20:46 (13753 turns).

cbfl8 the Severer (Minotaur Berserker)             Turns: 13753, Time: 00:20:46

Health: -8/112     AC: 22    Str: 29    XL:     12   Next: 38%
Magic:  11/11      EV: 11    Int:  4    God:    Trog [****..]
Gold:   669        SH:  0    Dex: 14    Spells: 11/11 levels left

rFire   . . .      SeeInvis .   s - +3 battleaxe (venom)
rCold   . . .      Faith    .   (shield currently unavailable)
rNeg    . . .      Spirit   .   g - +0 chain mail
rPois   .          Reflect  .   (helmet restricted)
rElec   .          Harm     .   (no cloak)
rCorr   .          Rampage  ∞   t - +0 pair of gloves
Will    .....                   C - +3 pair of seven-league boots {Rampage+∞}
Stlth   ..........              x - amulet of the acrobat
HPRegen 0.28/turn               b - +4 ring of protection
MPRegen 0.12/turn               p - +6 ring of strength

@: no status effects
A: horns 2, retaliatory headbutt
a: Renounce Religion, Berserk, Trog's Hand, Brothers in Arms


You were in an ice cave.
You worshipped Trog.
Trog was greatly pleased with you.
You visited 1 branch of the dungeon, and saw 14 of its levels.
You also visited: Gauntlet and Ice Cave.

You collected 721 gold pieces.
You spent 52 gold pieces at shops.

Inventory:

Hand Weapons
 s - a +3 battleaxe of venom (weapon)
 E - a +0 broad axe
Armour
 a - the +0 hat "Roxuim" {rPois rF- rC++ Slay+3}
   (You found it in a Gauntlet)

   Slay:      It affects your accuracy & damage with ranged weapons and melee
   (+3).
   rF:        It makes you vulnerable to fire.
   rC:        It greatly protects you from cold.
   rPois:     It protects you from poison.
 g - a +0 chain mail (worn)
 t - a +0 pair of gloves (worn)
 C - the +3 pair of seven-league boots (worn) {Rampage+∞}
   (You found it on level 10 of the Dungeon)

   Its wearer moves as far as possible in that direction when moving towards
   enemies.
Jewellery
 b - a +4 ring of protection (left hand)
 d - a +6 ring of strength
 p - a +6 ring of strength (right hand)
 x - an amulet of the acrobat (around neck)
 F - a ring of resist corrosion
 L - a +6 ring of intelligence
Wands
 u - a wand of flame (9) (quivered)
 I - a wand of acid (3)
 J - a wand of mindburst (2)
Scrolls
 e - a scroll of amnesia {unknown}
 i - a scroll of enchant armour
 k - 4 scrolls of teleportation
 m - a scroll of enchant weapon {unknown}
 q - a scroll of fog
 v - 3 scrolls of noise
 w - a scroll of fear
 z - a scroll of brand weapon
 A - 2 scrolls of blinking
 K - a scroll of holy word {unknown}
Potions
 c - 4 potions of might {unknown}
 f - 5 potions of curing
 h - 4 potions of haste {unknown}
 j - a potion of brilliance {unknown}
 l - a potion of berserk rage
 n - 3 potions of heal wounds {unknown}
 o - a potion of mutation {unknown}
 r - 2 potions of attraction {unknown}
 B - a potion of invisibility {unknown}
 D - a potion of flight {unknown}
 G - a potion of magic {unknown}
Miscellaneous
 y - a lightning rod (4/4)
 M - a phial of floods


   Skills:
 * Level 12.0 Fighting
 * Level 17.2 Axes
 + Level 11.7 Armour
 + Level 4.5 Dodging
 + Level 1.8 Stealth
 * Level 3.6 Evocations


You had 11 spell levels left.
You didn't know any spells.
Your spell library was empty.

Dungeon Overview and Level Annotations

Branches:
Dungeon (13/15)            Temple (0/1) D:6            Lair (0/6) D:11
    Orc (0/2) D:10          IceCv (1/1)             Gauntlet (visited)
 Vaults: D:13-14

Altars:
Dithmenos
Elyvilon
Hepliaklqana
Makhleb
Nemelex Xobeh
Qazlal
Ru
Vehumet
Wu Jian
Xom

Shops:
D:5 (   D:7 ?

Annotations:
D:9 1 runed translucent door, cbfl8's ghost, novice MiBe


Innate Abilities, Weirdness & Mutations

You have a pair of horns on your head.
You reflexively headbutt those who attack you in melee.


Message History

The dire elephant simulacrum vaporises!
Trog accepts your kill.
You slice the lindwurm simulacrum!!
You feel the power of Trog in you as your rage grows.
The lindwurm simulacrum vaporises!
Trog accepts your kill.
Your Fighting skill increases to level 12!
You start resting.
You feel a strong urge to attack something.
You start resting.
You feel your anger nearly subside.
You start resting.
You are no longer berserk.
You are exhausted.
You feel yourself slow down.
You start resting.
You feel yourself speed up.
You start resting.
You recover from your berserk rage.
You start resting.
HP restored.
There is an ice covered gate leading back out of this place here.
There is an ice choked empty arch of ancient stone here.
A spriggan defender simulacrum comes into view.
The spriggan defender simulacrum hits you!
The spriggan defender simulacrum freezes you!!
You barely miss the spriggan defender simulacrum.
Your headbutt misses the spriggan defender simulacrum.
The spriggan defender simulacrum hits you.
The spriggan defender simulacrum freezes you!
You barely miss the spriggan defender simulacrum.
The spriggan defender simulacrum hits you!
The spriggan defender simulacrum freezes you!!!
* * * LOW HITPOINT WARNING * * *
The spriggan defender simulacrum misses you.
It was a potion of curing.
You feel better.
The spriggan defender simulacrum hits you.
* * * LOW HITPOINT WARNING * * *
The spriggan defender simulacrum freezes you!!
You die...

#... #..
#..##
#..##
##..#
##...#
##...##
#.Z.##
#.@.##
##...#
##...##
##.....##
#...∩...#
#.......#
##..∩..##
##...##
#####


You could see a spriggan defender simulacrum.

Vanquished Creatures
  A minotaur (Gauntlet)
  A boulder beetle (D:11)
  A hell hog (Gauntlet)
  An orc knight (D:15)
  2 ugly things
  A cyclops (D:11)
  A manticore (D:12)
  Joseph (D:7)
  2 gargoyles
  An ice statue (D:15)
  A kobold demonologist (D:12)
  2 tengu conjurers (D:9)
  A troll (D:8)
  2 hornets
  4 slime creatures (D:15)
  2 dire elephant simulacra (IceCv)
  A vampire (D:12)
  6 shadows
  A wraith (D:11)
  7 small abominations (D:12)
  2 fire bats (Gauntlet)
  A wyvern (D:8)
  22 yaks
  A steam dragon (D:8)
  Eustachio (D:6)
  3 vampire mosquitoes (D:11)
  5 large abominations (D:12)
  An acid dragon (D:10)
  A water moccasin (D:7)
  2 hell hounds (Gauntlet)
  2 orc warriors (D:15)
  4 ice beasts
  A sky beast (D:7)
  A black bear (D:5)
  An ogre (D:5)
  8 centaurs
  3 kobold brigands
  4 phantoms
  A gnoll sergeant (D:9)
  3 bullfrogs
  3 scorpions
  2 lindwurm simulacra (IceCv)
  3 wights (D:9)
  9 howler monkeys
  4 centaur zombies
  2 hounds
  10 orc priests
  A jelly (D:7)
  3 centaur skeletons
  3 iguanas (D:5)
  4 orc wizards
  2 killer bee zombies (D:6)
  8 ogre zombies (D:10)
  6 gnolls
  7 adders
  2 shadow imps (D:6)
  A white imp (D:6)
  A worm (D:4)
  A dart slug (D:2)
  26 orcs
  5 endoplasms
  5 giant cockroaches
  3 goblins (D:2)
  6 hobgoblins
  3 jackals (D:4)
  20 kobolds
  2 quokkas
  6 ball pythons
  10 bats
  3 frilled lizards (D:3)
  A goblin skeleton (D:10)
  5 goblin zombies (D:10)
  A hobgoblin skeleton (D:10)
  3 hobgoblin zombies (D:10)
  5 orc skeletons (D:10)
  10 orc zombies (D:10)
  7 rats
299 creatures vanquished.

Vanquished Creatures (others)
  A wizard (D:12)
  A demonic plant (Gauntlet)
2 creatures vanquished.

Grand Total: 301 creatures vanquished

Notes
Turn   | Place    | Note
-------+----------+-------------------------------------------
     0 | D:1      | cbfl8 the Minotaur Berserker began the quest for the Orb.
     0 | D:1      | Reached XP level 1. HP: 19/19 MP: 0/0
   126 | D:1      | Reached XP level 2. HP: 27/27 MP: 1/1
   487 | D:1      | Reached skill level 4 in Axes
   898 | D:2      | Reached XP level 3. HP: 33/33 MP: 2/2
  1156 | D:2      | Reached ** piety under Trog
  1184 | D:2      | Reached skill level 5 in Axes
  1212 | D:2      | Reached XP level 4. HP: 39/40 MP: 3/3
  1538 | D:3      | Found a sacrificial altar of Ru.
  1542 | D:3      | Found a shadowy altar of Dithmenos.
  1545 | D:3      | Found a hazy altar of Hepliaklqana.
  1548 | D:3      | Found a burning altar of Makhleb.
  1848 | D:3      | Reached XP level 5. HP: 47/47 MP: 4/4
  2022 | D:3      | Reached skill level 6 in Axes
  2289 | D:4      | Noticed a phantom
  2295 | D:4      | Killed a phantom
  2296 | D:4      | Reached XP level 6. HP: 55/55 MP: 5/5
  2296 | D:4      | Reached *** piety under Trog
  2297 | D:4      | Reached skill level 7 in Axes
  3128 | D:5      | Entered Level 5 of the Dungeon
  3136 | D:5      | Reached skill level 5 in Fighting
  3140 | D:5      | Reached XP level 7. HP: 25/61 MP: 6/6
  3421 | D:5      | Reached skill level 8 in Axes
  4086 | D:5      | Found Viahonwaor's Weapon Shop.
  4125 | D:5      | Found a stormy altar of Qazlal.
  4204 | D:5      | Reached skill level 9 in Axes
  4204 | D:5      | Reached skill level 5 in Armour
  4213 | D:5      | Reached XP level 8. HP: 60/69 MP: 7/7
  4422 | D:6      | Found a sparkling altar of Nemelex Xobeh.
  4502 | D:6      | Noticed Eustachio
  4514 | D:6      | Killed Eustachio
  4765 | D:6      | Found a radiant altar of Vehumet.
  4836 | D:6      | Found a staircase to the Ecumenical Temple.
  4888 | D:6      | Found a white marble altar of Elyvilon.
  4922 | D:6      | Reached skill level 10 in Axes
  4980 | D:6      | Reached **** piety under Trog
  5524 | D:7      | Found Miryc's Magic Scroll Emporium.
  5531 | D:7      | Bought a scroll of identify for 26 gold pieces
  5531 | D:7      | Bought a scroll of identify for 26 gold pieces
  5577 | D:7      | Noticed a hornet
  5581 | D:7      | Paralysed by a hornet for 3 turns
  5586 | D:7      | Killed a hornet
  5587 | D:7      | Reached skill level 11 in Axes
  5587 | D:7      | Reached XP level 9. HP: 40/78 MP: 8/8
  6160 | D:7      | Noticed Joseph
  6170 | D:7      | Killed Joseph
  6809 | D:8      | Noticed a troll
  6818 | D:8      | Killed a troll
  7037 | D:8      | Reached skill level 12 in Axes
  7377 | D:8      | Reached skill level 1 in Stealth
  7792 | D:8      | Reached XP level 10. HP: 70/88 MP: 9/9
  8019 | D:9      | Found a shimmering altar of Xom.
  8250 | D:9      | Reached skill level 13 in Axes
  8277 | D:9      | Found a runed translucent door.
  8278 | D:9      | Noticed cbfl8's ghost (novice MiBe)
  8278 | D:9      | Noticed a cyan ugly thing
  8282 | D:9      | Paralysed by a hornet for 1 turns
  8649 | D:9      | Noticed a purple ugly thing
  8657 | D:9      | Killed a purple ugly thing
  8705 | D:9      | Reached skill level 10 in Armour
  9507 | D:10     | Entered Level 10 of the Dungeon
  9545 | D:10     | Reached skill level 1 in Evocations
  9554 | D:10     | Reached ***** piety under Trog
  9574 | D:10     | Found a staircase to the Orcish Mines.
  9641 | D:10     | Found the +3 pair of seven-league boots {Rampage+∞}
  9701 | D:10     | Reached skill level 14 in Axes
  9826 | D:10     | Reached XP level 11. HP: 99/99 MP: 10/10
 10002 | D:10     | Found an ornate altar of the Wu Jian Council.
 10207 | D:11     | Noticed a green ugly thing
 10220 | D:11     | Killed a green ugly thing
 10258 | D:11     | Noticed a boulder beetle
 10287 | D:11     | Killed a boulder beetle
 10287 | D:11     | Received a gift from Trog
 10288 | D:11     | Reached skill level 10 in Fighting
 10453 | D:11     | Reached skill level 15 in Axes
 10862 | D:11     | Found a staircase to the Lair.
 11078 | D:12     | Found a gate leading to a gauntlet.
 11096 | Gauntlet | Entered a Gauntlet
 11096 | Gauntlet | Found a transporter.
 11197 | Gauntlet | Found a transporter.
 11213 | Gauntlet | Found a transporter.
 11213 | Gauntlet | Noticed an orange crystal statue
 11217 | Gauntlet | Found a transporter.
 11219 | Gauntlet | Noticed a death yak
 11219 | Gauntlet | Noticed a death yak
 11219 | Gauntlet | Noticed a death yak
 11219 | Gauntlet | Noticed a death yak
 11220 | Gauntlet | Noticed a death yak
 11221 | Gauntlet | Noticed a death yak
 11222 | Gauntlet | Noticed a necromancer
 11235 | Gauntlet | Found a transporter.
 11247 | Gauntlet | Noticed a wolf spider
 11248 | Gauntlet | Found a transporter.
 11254 | Gauntlet | Found a transporter.
 11257 | Gauntlet | Found a transporter.
 11276 | Gauntlet | Found a transporter.
 11293 | Gauntlet | Found a transporter.
 11297 | Gauntlet | Found a transporter.
 11301 | Gauntlet | Noticed a hell hog
 11305 | Gauntlet | Found a transporter.
 11719 | Gauntlet | Killed a hell hog
 11720 | Gauntlet | Reached skill level 16 in Axes
 11762 | Gauntlet | Identified the +0 hat "Roxuim" {rPois rF- rC++ Slay+3}
 11938 | Gauntlet | Identified the +0 helmet "Utehotunk" {Contam rF+ Will+
                  | Regen+}
 11994 | Gauntlet | Noticed a minotaur
 12001 | Gauntlet | Killed a minotaur
 12560 | D:12     | Noticed a wizard
 12567 | D:12     | Killed a wizard
 12568 | D:12     | Reached XP level 12. HP: 95/110 MP: 11/11
 13394 | D:13     | You fall into a shaft and drop 2 floors!
 13394 | D:15     | Entered Level 15 of the Dungeon
 13431 | D:15     | Reached skill level 17 in Axes
 13471 | D:15     | Found a frozen archway.
 13481 | IceCv    | Entered an ice cave
 13753 | IceCv    | Mangled by a spriggan defender simulacrum

Illustrated notes

Levels and vault maps discovered:
D:1:      dpeg_arrival_ternary, layout_basic
D:2:      minmay_diamond_boxcup, layout_basic
D:3:      layout_loops_ring, grunt_temple_overflow_cloverleaf
D:4:      layout_cave_pods, corner_web_ring, kennysheep_generic_room_12
D:5:      layout_rooms, mainiacjoe_overflow_alcove_4, serial_shops,
          nicolae_shop_statue_plus, kennysheep_generic_room_16
D:6:      layout_gridville, kennysheep_mini_moat, nicolae_vehumet_altar_sigil,
          nemelex_xobeh_ov_fountains_minmay, minmay_temple_entry_grid,
          grunt_decor_mini_mirrors, uniq_eustachio
D:7:      layout_basic, serial_shops, shop, uniq_joseph
D:8:      layout_basic, serial_park_tiny_2
D:9:      layout_loops_ring, xom_teletrap_fun, ebering_ghost_inner_flame
D:10:     layout_rooms, mainiacjoe_overflow_alcove_1, zombieorc2_lemuel
D:11:     layout_irregular_city, lair_entry_dummy
D:12:     layout_basic, gauntlet_entry_generic, chequers_serial_rivers_marsh,
          minmay_tree_intersection, grunt_ministairs_7, laboratory
D:13:     wad_mega_maze, layout_irregular_city, erik_vaults_2,
          nicolae_trove_entry_isolated
D:15:     grunt_enter_depths_snipers, layout_long_grid,
          portal_ice_cave_entry_ice_statue_one, fedhas_altar_2,
          minmay_diced_spiral
IceCv:    ice_cave_small_necro

Skill      XL: |  1  2  3  4  5  6  7  8  9 10 11 12 |
---------------+-------------------------------------+-----
Fighting       | 4 5 6 8 9 11 12 | 12.0
Axes           | 4 5 6 7 9 11 12 14 16 17 | 17.2
Armour         | 3 4 5 7 9 11 | 11.7
Dodging        | 3 4 |  4.5
Stealth        | 1 |  1.8
Evocations     | 1 2 3 |  3.6

Action                   |  1- 3 |  4- 6 |  7- 9 | 10-12 || total
-------------------------+-------+-------+-------+-------++-------
Melee: Hand axe          |    75 |    41 |       |       ||   116
       Headbutt          |    11 |    15 |    40 |    73 ||   139
       Punch             |       |     1 |       |     4 ||     5
       War axe           |       |    58 |   243 |   151 ||   452
       Battleaxe         |       |       |       |   147 ||   147
       Broad axe         |       |       |       |    43 ||    43
Invok: Berserk           |       |     2 |     5 |    11 ||    18
       Trog's Hand       |       |       |       |     1 ||     1
       Brothers in Arms  |       |       |       |     1 ||     1
Evoke: Wand              |       |       |       |    15 ||    15
  Use: Scroll            |       |       |     7 |     5 ||    12
       Potion            |       |       |       |     1 ||     1
Armor: Animal skin       |     4 |       |       |       ||     4
       Chain mail        |    23 |    61 |   137 |   165 ||   386
Dodge: Dodged            |    32 |    32 |    90 |   176 ||   330
